 Dungeon Crawl Stone Soup version 0.15-a0-2123-gb18dd36 (webtiles) character file.

3281 Econoterrorist the Grappler (level 9, -2/82 (83) HPs)
             Began as a Troll Monk on July 16, 2014.
             Was an Elder of Makhleb.
             Slain by a troll (14 damage)
             ... on Level 9 of the Dungeon.
             The game lasted 00:39:47 (6842 turns).

Econoterrorist the Grappler (Troll Monk)            Turns: 6842, Time: 00:39:47

HP  -2/82 (83)   AC  9     Str 21      XL: 9   Next: 69%
MP  16/16        EV 11     Int  6      God: Makhleb [****..]
Gold 187         SH  0     Dex 15      Spells:  0 memorised,  8 levels left

rFire  . . .     SeeInvis +       - Unarmed
rCold  . . .     Clarity  +     a - +0 robe
rNeg   . . .     rCorr    .     (shield restricted)
rPois  .         rRot     .     (helmet restricted)
rElec  .         Spirit   .     H - +0 cloak
SustAb .         Warding  .     (gloves unavailable)
rMut   .         Stasis   .     (boots unavailable)
Gourm  +                        C - amulet of clarity
MR     .....                    G - +3 ring of protection
                                F - ring of see invisible

@: not resistant to hostile enchantments, unstealthy
A: unfitting armour, claws 3, fast metabolism 3, gourmand, regeneration 2,
saprovore 2, shaggy fur 1, tough skin 2
a: Minor Destruction, Lesser Servant of Makhleb, Major Destruction, Renounce
Religion


You were on level 9 of the Dungeon.
You worshipped Makhleb.
Makhleb was greatly pleased with you.
You were very full.

You visited 2 branches of the dungeon, and saw 10 of its levels.
You also visited: Sewer and Ossuary.

You collected 619 gold pieces.
You spent 432 gold pieces at shops.

Inventory:

Hand weapons
 O - a cursed -1 giant spiked club
Missiles
 K - a throwing net (quivered)
Armour
 a - a +0 robe (worn)
 H - a +0 cloak (worn)
Magical devices
 n - a wand of random effects (13)
 p - a wand of teleportation (1)
 M - a wand of magic darts (15)
Comestibles
 b - 7 meat rations
 h - 5 bread rations
 i - a slice of pizza
 A - a royal jelly
 Q - a chunk of orc flesh
Scrolls
 d - 3 scrolls of remove curse
 f - 3 scrolls of enchant weapon {unknown}
 j - 6 scrolls of identify {unknown}
 l - 8 scrolls of teleportation
 o - 2 scrolls of fear {unknown}
 s - 5 scrolls of random uselessness {unknown}
 u - 4 scrolls of enchant armour {unknown}
 v - 2 scrolls of acquirement {unknown}
 y - a scroll of recharging {unknown}
 z - 2 scrolls of magic mapping {unknown}
 I - 2 scrolls of immolation {unknown}
 J - a scroll of noise {unknown}
 L - 2 scrolls of fog {unknown}
Jewellery
 e - an uncursed ring of invisibility
 g - a cursed ring of sustain abilities
 C - an amulet of clarity (around neck)
 F - a ring of see invisible (left claw)
 G - a +3 ring of protection (right claw)
Potions
 c - 3 potions of haste {unknown}
 m - 3 potions of curing
 q - a potion of heal wounds {unknown}
 r - 4 potions of degeneration {unknown}
 t - a potion of brilliance {unknown}
 w - 3 potions of restore abilities {unknown}
 x - 4 potions of flight {unknown}
 B - 3 potions of might {unknown}
 D - a potion of resistance {unknown}
 E - a potion of poison {unknown}
 N - a potion of agility
 P - a potion of magic {unknown}
Books
 k - a book of Ice

   Spells                             Type                      Level
   Metabolic Englaciation             Hexes/Ice                    5
   Ozocubu's Refrigeration            Ice                          6
   Bolt of Cold                       Conjuration/Ice              6
   Freezing Cloud                     Conjuration/Ice/Air          6
   Simulacrum                         Ice/Necromancy               6


   Skills:
 + Level 3.2 Fighting
 + Level 3.3 Dodging
 - Level 1.1 Stealth
 - Level 11.0 Unarmed Combat
 - Level 7.4 Invocations


You had 8 spell levels left.
You didn't know any spells.

Dungeon Overview and Level Annotations

Branches:
Dungeon (9/15)             Temple (1/1) D:5
    Orc: D:9-12        Lair: D:8-11

Altars:
Ashenzari
Cheibriados
Dithmenos
Elyvilon
Makhleb
Nemelex Xobeh
Okawaru
Qazlal
Trog
Xom
Zin

Shops:
D:5 =


Innate Abilities, Weirdness & Mutations

You are too large for most types of armour.
You have claws for hands.
Your metabolism is lightning-fast.
You like to eat raw meat.
You heal very quickly.
You can eat rotten meat.
You are covered in fur (AC +1).
You have very tough skin (AC +2).


Message History

The troll claws you but does no damage.
You scratch the troll.
The troll is moderately wounded.
The troll bites you! The troll barely misses you. The troll claws you.
You mangle the troll!! You claw the troll!
The troll is almost dead.
The troll bites you. The troll claws you. The troll claws you!
You closely miss the troll.
The troll is almost dead.
The troll bites you! The troll claws you!
* * * LOW HITPOINT WARNING * * *
The troll closely misses you.
You closely miss the troll.
The troll is almost dead.
You scratch the troll.
The troll is almost dead.
The troll closely misses you. The troll claws you!
* * * LOW HITPOINT WARNING * * *
The troll claws you!
You die... ####### #<@T..# #####.#

You could see a troll (bleeding).

Vanquished Creatures
  Pikel (D:7)
  The ghost of ciphuk the Basher, an experienced MiBe of Trog (D:5)
  Menkaure (D:7)
  3 sky beasts
  A slave (D:7)
  4 ogres
  2 orc warriors (D:6)
  A black bear (D:7)
  A necrophage (D:7)
  A phantom (D:4)
  3 big kobolds
  A giant frog (D:5)
  A scorpion (D:7)
  2 crimson imps
  2 hounds (D:6)
  A jelly (D:8)
  5 orc wizards
  4 orc priests
  A giant frog skeleton (D:7)
  4 worker ants
  A big kobold zombie (D:6)
  Jessica (D:2)
  8 mummies (Ossuary)
  4 gnolls (D:5)
  A gnoll skeleton (D:7)
  10 adders
  2 giant mites
  4 green rats (Sewer)
  3 shadow imps (D:7)
  A worm (D:2)
  An iguana skeleton (D:7)
  9 giant geckos
  2 oozes
  21 orcs
  A bat skeleton (D:4)
  5 giant cockroaches
  17 goblins
  9 hobgoblins
  6 jackals
  18 kobolds
  5 quokkas
  3 ball pythons
  11 bats
  6 giant newts
  3 gnoll zombies (Ossuary)
  A goblin skeleton (D:4)
  A hobgoblin skeleton (D:6)
  3 hobgoblin zombies (Ossuary)
  3 kobold zombies
  An orc skeleton (D:4)
  20 rats
  A rat zombie (D:5)
222 creatures vanquished.

Vanquished Creatures (others)
  An orc wizard (D:7)
  A giant gecko (D:7)
  2 orcs (D:7)
4 creatures vanquished.

Grand Total: 226 creatures vanquished

Notes
Turn   | Place    | Note
--------------------------------------------------------------
     0 | D:1      | Econoterrorist, the Troll Monk, began the quest for the Orb.
     0 | D:1      | Reached XP level 1. HP: 22/22 MP: 1/1
   135 | D:1      | Reached XP level 2. HP: 29/29 MP: 1/1
   564 | D:1      | Reached skill level 5 in Unarmed Combat
   564 | D:1      | Reached XP level 3. HP: 36/36 MP: 2/2
  1183 | D:2      | Noticed Jessica
  1192 | D:2      | Killed Jessica
  1192 | D:2      | Reached XP level 4. HP: 37/44 MP: 2/2
  1781 | D:3      | Reached skill level 6 in Unarmed Combat
  2030 | D:4      | Reached XP level 5. HP: 50/50 MP: 2/2
  2221 | D:4      | Found a glowing drain.
  2225 | Sewer    | Entered a sewer
  2288 | Sewer    | Reached skill level 7 in Unarmed Combat
  2394 | Sewer    | Reached XP level 6. HP: 59/59 MP: 3/3
  2663 | D:4      | Noticed a phantom
  2687 | D:4      | Killed a phantom
  2687 | D:4      | Reached skill level 8 in Unarmed Combat
  2836 | D:4      | Reached XP level 7. HP: 49/66 MP: 3/3
  3121 | D:4      | Found a shimmering altar of Xom.
  3329 | D:5      | Entered Level 5 of the Dungeon
  3378 | D:5      | Found a sand-covered staircase.
  3388 | Ossuary  | Entered an ossuary
  3411 | Ossuary  | Reached skill level 9 in Unarmed Combat
  3674 | D:5      | Found a staircase to the Ecumenical Temple.
  3682 | Temple   | Entered the Ecumenical Temple
  3789 | Temple   | Became a worshipper of Makhleb the Destroyer
  3789 | Temple   | Acquired Makhleb's first power
  3789 | Temple   | Acquired Makhleb's second power
  4036 | D:5      | Noticed ciphuk's ghost (experienced MiBe)
  4180 | D:5      | Killed ciphuk's ghost
  4180 | D:5      | Reached skill level 10 in Unarmed Combat
  4180 | D:5      | Reached XP level 8. HP: 45/74 MP: 3/3
  4243 | D:5      | Found Kuum's Jewellery Emporium.
  4280 | D:5      | Bought an uncursed ring of see invisible for 180 gold pieces
  4280 | D:5      | Bought a +3 ring of protection for 252 gold pieces
  4660 | D:6      | Reached skill level 11 in Unarmed Combat
  4923 | D:6      | Reached skill level 1 in Invocations
  5074 | D:6      | Acquired Makhleb's third power
  5118 | D:6      | Found a stormy altar of Qazlal.
  5673 | D:7      | Noticed Menkaure
  5681 | D:7      | Killed Menkaure
  5681 | D:7      | Reached XP level 9. HP: 80/80 MP: 11/11
  5770 | D:7      | Reached skill level 5 in Invocations
  5823 | D:7      | Noticed Pikel
  5839 | D:7      | Killed Pikel
  6367 | D:8      | Acquired Makhleb's fourth power
  6693 | D:8      | Found a snail-covered altar of Cheibriados.
  6693 | D:8      | Found a sparkling altar of Nemelex Xobeh.
  6842 | D:9      | Slain by a troll

Action                   |  1- 3 |  4- 6 |  7- 9 || total
-------------------------+-------+-------+-------++-------
Melee: Unarmed           |   121 |   165 |   323 ||   609
Evoke: Wand              |       |     1 |     4 ||     5
  Use: Scroll            |       |     1 |     2 ||     3
       Potion            |       |       |     2 ||     2
 Stab: Sleeping          |       |     1 |     2 ||     3
       Distracted        |       |       |     1 ||     1
  Eat: Chunk             |    12 |    20 |    35 ||    67
